 Dungeon Crawl Stone Soup version 0.17-a0-1399-gd5b76e1 (webtiles) character file.

118 bal the Insei (level 5, 0/28 HPs)
             Began as a Vine Stalker Monk on June 18, 2015.
             Was a Believer of Qazlal.
             Slain by a worker ant (2 damage)
             ... on level 4 of the Dungeon.
             The game lasted 00:08:23 (2041 turns).

bal the Insei (Vine Stalker Monk)                   Turns: 2041, Time: 00:08:24

Health: 0/28       AC:  2    Str: 13    XL:     5   Next: 2%
Magic:  0/6        EV: 14    Int: 10    God:    Qazlal [**....]
Gold:   70         SH:  2    Dex: 18    Spells: 0 memorised, 4 levels left

rFire  . . .     SeeInvis .     k - +0 dagger
rCold  . . .     Clarity  .     a - +0 robe
rNeg   . . .     SustAt   .     (no shield)
rPois  .         Gourm    .     (no helmet)
rElec  .         Spirit   +     (no cloak)
rCorr  .         Warding  .     (no gloves)
rMut   .         Stasis   .     (no boots)
MR     .....                    (no amulet)
Stlth  ++........               (no ring)
                                (no ring)

@: not resistant to hostile enchantments, unstealthy
A: fangs 2, regeneration 1, magic shield, antimagic bite, no device heal 3, rot
immunity
a: Upheaval, Renounce Religion


You were on level 4 of the Dungeon.
You worshipped Qazlal.
Qazlal was pleased with you.
You were not hungry.

You visited 1 branch of the dungeon, and saw 4 of its levels.

You collected 70 gold pieces.

Inventory:

Hand weapons
 k - a +0 dagger (weapon)
 m - a +0 hunting sling
Missiles
 g - 11 exploding sling bullets
Armour
 a - a +0 robe (worn)
Scrolls
 j - 3 scrolls of noise {unknown}
 l - 2 scrolls of magic mapping {unknown}
 n - a scroll of recharging {unknown}
 o - 2 scrolls of remove curse {unknown}
 p - 3 scrolls of fog {unknown}
 s - a scroll of teleportation {unknown}
Potions
 e - a potion of heal wounds
 q - a potion of degeneration {unknown}
 t - a potion of magic {unknown}
Comestibles
 b - 3 bread rations
 d - 2 chunks of flesh
 i - a meat ration


   Skills:
 + Level 3.3 Fighting
 + Level 0.1 Short Blades
 + Level 3.5 Dodging
 + Level 2.7 Stealth
 + Level 4.6 Unarmed Combat


You had 4 spell levels left.
You didn't know any spells.

Dungeon Overview and Level Annotations

Branches:
Dungeon (4/15)
 Temple: D:4-7

Altars:
Qazlal
Zin


Innate Abilities, Weirdness & Mutations

You have extremely sharp teeth.
Your natural rate of healing is unusually fast.
When hurt, damage is shared between your health and your magic reserves.
Your bite disrupts and absorbs the magic of your enemies.
Potions and wands cannot restore your health.
You are immune to rotting.


Message History

You feel sick. The worker ant misses you.
You barely miss the worker ant. Your bite misses the worker ant.
The worker ant is severely wounded.
The worker ant bites you.
* * * LOW HITPOINT WARNING * * *
You are lethally poisoned!
The worker ant poisons you!
You hit the worker ant but do no damage.
You bite the worker ant, but do no damage.
The worker ant is severely wounded.
* * * LOW HITPOINT WARNING * * *
You feel sick. The worker ant closely misses you.
The worker ant closely misses you.
Drink which item? (? for menu, Esc to quit)
It was a potion of heal wounds.
That seemed strangely inert.
* * * LOW HITPOINT WARNING * * *
You feel sick. You block the worker ant's attack.
Drink which item? (? for menu, Esc to quit)
It was a potion of curing.
You feel better. The worker ant bites you.
You die...

######
#..$.###...
#..@a......
#.§.§###...
#....#
#....#
#....#
#....#
#....#
#....#


You could see a worker ant.

Vanquished Creatures
  5 adders (D:2)
  An ooze (D:2)
  2 giant geckos
  2 giant cockroaches (D:2)
  9 goblins
  6 hobgoblins
  11 jackals
  8 kobolds
  4 quokkas (D:2)
  7 bats
  4 giant newts (D:1)
  8 rats
67 creatures vanquished.

Notes
Turn   | Place    | Note
--------------------------------------------------------------
     0 | D:1      | bal the Vine Stalker Monk began the quest for the Orb.
     0 | D:1      | Reached XP level 1. HP: 11/11 MP: 2/2
   136 | D:1      | Reached XP level 2. HP: 11/16 MP: 1/3
   347 | D:1      | Reached XP level 3. HP: 20/20 MP: 4/4
  1164 | D:2      | Reached XP level 4. HP: 12/24 MP: 5/5
  1495 | D:2      | Found a stormy altar of Qazlal.
  1495 | D:2      | Found a glowing silver altar of Zin.
  1513 | D:2      | Became a worshipper of Qazlal Stormbringer
  1513 | D:2      | Acquired Qazlal's first power
  1513 | D:2      | Acquired Qazlal's second power
  1859 | D:2      | Reached XP level 5. HP: 15/28 MP: 4/6
  1958 | D:3      | Noticed an ogre
  2041 | D:4      | Slain by a worker ant

Vault maps used:
D:1:      lightli_arrival_chessboard
D:2:      minitemple
D:3:      first_bread, uniq_natasha, uniq_robin, uniq_iyjb
D:4:      evilmike_ruin_ashenzari, grunt_gozag_statues

Action                   |  1- 3 |  4- 6 || total
-------------------------+-------+-------++-------
Melee: Unarmed           |   115 |       ||   115
       Dagger            |    38 |   109 ||   147
  Use: Scroll            |       |     3 ||     3
       Potion            |       |     2 ||     2
 Stab: Sleeping          |     4 |     2 ||     6
  Eat: Meat ration       |     1 |       ||     1
